 Dungeon Crawl Stone Soup version 0.25.0 (webtiles) character file.

Game seed: 8106556700284079548

44841 emikaela the Blocker (level 14, 121/121 HPs)
             Began as a Hill Orc Wanderer on June 2, 2020.
             Was the Champion of Okawaru.
             Quit the game on level 13 of the Dungeon on June 13, 2020.
             The game lasted 02:58:27 (31036 turns).

emikaela the Blocker (Hill Orc Wanderer)           Turns: 31036, Time: 02:58:27

Health: 121/121    AC: 15    Str: 19    XL:     14   Next: 30%
Magic:  21/21      EV: 14    Int: 19    God:    Okawaru [******]
Gold:   1041       SH: 25    Dex: 15    Spells: 2/22 levels left

rFire    . . .     SeeInvis +   e - +4 trident (protect)
rCold    . . .     Gourm    .   j - +7 kite shield of Contentment {MR+ Int+5}
rNeg     . . .     Faith    .   R - +2 steam dragon scales
rPois    .         Spirit   .   A - +2 helmet
rElec    .         Reflect  +   O - +0 cloak
rCorr    .         Harm     .   K - +0 pair of gloves
MR       ++...                  J - +2 pair of boots {Fly}
Stlth    ++........             x - amulet of reflection
HPRegen  0.30/turn              q - +6 ring of dexterity
MPRegen  0.17/turn              P - ring of see invisible

@: studying 2 skills
A: no striking features
a: Heroism, Finesse, Renounce Religion, Evoke Flight


You were on level 13 of the Dungeon.
You worshipped Okawaru.
Okawaru was exalted by your worship.
You were not hungry.

You visited 2 branches of the dungeon, and saw 17 of its levels.
You also visited: Ice Cave.

You collected 1286 gold pieces.
You spent 245 gold pieces at shops.

Inventory:

Hand Weapons
 e - a +4 trident of protection (weapon)
Missiles
 b - 5 atropa-tipped darts
 k - 28 boomerangs (quivered)
 n - 4 throwing nets {!f}
 N - 7 silver boomerangs
 T - 95 poisoned darts
Armour
 j - the +7 kite shield of Contentment (worn) {MR+ Int+5}
   (You acquired it on level 7 of the Dungeon)

   It affects your intelligence (+5).
   It affects your resistance to hostile enchantments.
 v - the +5 plate armour of Wotoid {*Corrode rPois Int+7 SInv}
   (You found it on level 13 of the Dungeon)

   It affects your intelligence (+7).
   It protects you from poison.
   It lets you see invisible.
   It may corrode you when you take damage.
 A - a +2 helmet (worn)
 J - a +2 pair of boots of flying (worn)
 K - a +0 pair of gloves (worn)
 O - a +0 cloak (worn)
 R - +2 steam dragon scales (worn)
Jewellery
 q - a +6 ring of dexterity (left hand)
 x - an amulet of reflection (around neck)
 y - an uncursed ring of protection from magic
 P - a ring of see invisible (right hand)
 U - an uncursed ring of resist corrosion
 W - an uncursed ring of protection from cold
 X - an uncursed ring of fire
 Z - an uncursed ring of protection from fire
Wands
 B - a wand of iceblast (9)
 C - a wand of clouds (4)
 D - a wand of disintegration (15)
 E - a wand of enslavement (1)
 F - a wand of flame (9)
Scrolls
 c - 6 scrolls of remove curse
 d - 2 scrolls of enchant armour
 f - 2 scrolls of fear
 g - a scroll of fog
 i - 7 scrolls of identify
 l - 4 scrolls of blinking
 m - 6 scrolls of magic mapping
 p - 4 scrolls of teleportation
 s - a scroll of amnesia
 u - a scroll of summoning
 G - 3 scrolls of enchant weapon
Potions
 a - a potion of heal wounds
 h - 2 potions of ambrosia
 o - 2 potions of lignification {!q}
 t - 12 potions of curing
 w - a potion of invisibility
 z - 7 potions of might
 I - a potion of brilliance
 L - 4 potions of berserk rage {!q}
 M - 3 potions of cancellation
 S - a potion of magic
 V - 2 potions of haste
 Y - 7 potions of flight
Books
 H - a manual of Translocations {!d}
 Q - a manual of Polearms {!d}
Comestibles
 r - 27 rations


   Skills:
 - Level 10.0 Fighting
   Level 1.1 Long Blades
 * Level 11.3 Polearms
 - Level 3.9 Dodging
 - Level 1.5 Stealth
 + Level 13.2 Shields
 + Level 4.8 Spellcasting
 + Level 7.8 Conjurations
 - Level 4.0 Hexes
   Level 1.0 Necromancy
 + Level 9.9 Translocations
 - Level 8.0 Fire Magic
   Level 2.4 Air Magic
 - Level 9.0 Invocations
 - Level 5.0 Evocations


You had 2 spell levels left.
You knew the following spells:

 Your Spells              Type           Power        Failure   Level  Hunger
a - Portal Projectile     Hex/Tloc       ####..       2%          3    ##.....
b - Iskenderun's Mystic   Conj/Tloc      #####...     4%          4    ####...
c - Dazzling Flash        Conj/Hex       ####..       4%          3    ##.....
f - Conjure Flame         Conj/Fire      ####....     1%          3    ##.....
n - Inner Flame           Hex/Fire       ####....     4%          3    ##.....
p - Apportation           Tloc           #####.       1%          1    None
s - Searing Ray           Conj           ####..       1%          2    #......
z - Foxfire               Conj/Fire      ####         1%          1    None

Your spell library contained the following spells:

 Spells                   Type           Power        Failure   Level  Hunger
 Magic Dart               Conj           ####         1%          1    None
 Corona                   Hex            ###....      3%          1    None
 Shroud of Golubria       Chrm/Tloc      ###...       3%          2    #......
 Slow                     Hex            ###.....     4%          2    #......
 Animate Skeleton         Necr           N/A          11%         1    None
 Pain                     Necr           #...         11%         1    None
 Poisonous Vapours        Pois/Air       #.....       14%         2    #......
 Swiftness                Chrm/Air       #.......     14%         2    #......
 Infusion                 Chrm           #...         16%         1    None
 Sandblast                Erth           #.....       16%         1    None
 Summon Butterflies       Summ           #.......     16%         1    None
 Passwall                 Tmut/Erth      #.......     24%         2    #......
 Song of Slaying          Chrm           #.......     24%         2    #......
 Lesser Beckoning         Tloc           #####.....   1%          3    ##.....
 Static Discharge         Conj/Air       ###.....     5%          3    ##.....
 Tukima's Dance           Hex            ###.....     9%          3    ##.....
 Stone Arrow              Conj/Erth      ###...       10%         3    ##.....
 Mephitic Cloud           Conj/Pois/Air  ###.....     12%         3    ##.....
 Fulminant Prism          Conj/Hex       ####......   14%         4    ####...
 Spectral Weapon          Hex/Chrm       ##......     21%         3    ##.....
 Vampiric Draining        Necr           #.........   30%         3    ##.....
 Cause Fear               Hex            ###.......   30%         4    ####...
 Ozocubu's Armour         Chrm/Ice       #.......     43%         3    ##.....
 Leda's Liquefaction      Hex/Erth       ##........   56%         4    ####...
 Summon Lightning Spire   Summ/Air       #.......     67%         4    ####...
 Animate Dead             Necr           N/A          71%         4    ####...
 Petrify                  Tmut/Erth      #.......     83%         4    ####...
 Agony                    Necr           #.......     96%         5    ######.
 Conjure Ball Lightning   Conj/Air       ###.......   96%         6    #######
 Alistair's Intoxication  Tmut/Pois      #.......     99%         5    ######.
 Lee's Rapid Deconstruct  Erth           #.........   99%         5    ######.
 Freezing Cloud           Conj/Ice/Air   ###.......   99%         6    #######
 Invisibility             Hex            ###.....     99%         6    #######
 Ring of Flames           Chrm/Fire      ###.......   100%        7    #######


Dungeon Overview and Level Annotations

Branches:
Dungeon (13/15)            Temple (0/1) D:6            Lair (4/6) D:8
 Shoals (0/4) Lair:4       Spider (0/4) Lair:2          Orc (0/2) D:9
 Vaults (0/5) D:13          IceCv (visited)

Altars:
Fedhas
Gozag
Kikubaaqudgha
Nemelex Xobeh
Okawaru
Qazlal
Ru
Sif Muna
Trog
Vehumet
Wu Jian
Zin
The Shining One

Shops:
D:12 [

Annotations:
D:2 Terence
Lair:4 exclusion: oklob plant


Message History

a +0 long sword; a +0 ring mail; 3 chunks of flesh; an elf skeleton Could not pick up an item here; shall I ignore it?
Items here: % ) [ รท a +0 long sword; a +0 ring mail; 3 chunks of flesh; an elf skeleton
Found a flail.
Found a ring of protection from cold.
There is a stone staircase leading up here.
Done exploring.
Done exploring.
There is a stone staircase leading down here.
Okay, then.
Okay, then.
Unknown command.
Unknown command.
Setting a skill training target for Polearms at 14.0.
Saving game... please wait.
Welcome back, emikaela the Hill Orc Wanderer.
Okawaru says: Bring me glory in combat!
Press ? for a list of commands and other information.
Are you sure you want to abandon this character and quit the game? (Confirm with "yes".)

..#.##.....<.........#..#
..#.###.................####
..#......#..............#..###
..#..........................#
..#..##>.....................#
..#..##.............(.......##
..#..###..............##.....###
.##..###............#####......#
.######.......).@.....##.....###
###...####..........######.###
.##.....#....))......## ###
.##..........(.[......###
..#....##.............#.##
..#...####?.....##.......#
..#######[......#...##...#
..####..[[#.........##...#
..#>....)###............##


There were no monsters in sight!

Vanquished Creatures
  A frost giant (IceCv)
  Harold (D:7)
  5 hydras
  A centaur warrior (D:13)
  2 two-headed ogres
  A skeletal warrior (D:13)
  2 unseen horrors
  A wizard (D:13)
  A deep elf mage (D:13)
  An ugly thing (D:13)
  3 cyclopes
  3 merfolk sirens (Lair:4)
  3 centaur zombies
  An elephant (D:8)
  Maurice (D:8)
  2 ice statues (IceCv)
  A black mamba (Lair:4)
  3 kobold demonologists (D:13)
  A spiny frog (shapeshifter) (D:12)
  Maggie (D:7)
  9 spiny frogs
  A rime drake (Lair:2)
  4 komodo dragons
  3 trolls
  A merfolk (Lair:4)
  A queen bee (D:8)
  14 polar bears
  3 slime creatures (D:12)
  2 hornets
  6 hippogriffs
  A spriggan (D:8)
  3 wyverns
  39 yaks
  3 wraiths (D:11)
  2 basilisks
  A vampire (D:12)
  2 hungry ghosts
  A vampire mosquito (D:11)
  4 wargs (D:9)
  2 soldier ants (D:12)
  5 water moccasins
  5 porcupines
  Duvessa (D:6)
  5 orc warriors
  2 sky beasts
  2 ice beasts
  A black bear (D:10)
  2 phantoms
  7 ogres
  3 necrophages
  11 wolves
  12 centaurs
  9 crocodiles
  3 gnoll sergeants
  2 big kobolds
  12 bullfrogs
  Dowan (D:6)
  5 scorpions
  A wyvern skeleton (D:9)
  36 killer bees
  3 wights (D:11)
  2 electric eels (D:8)
  2 howler monkeys
  6 crimson imps
  A bullfrog zombie (D:11)
  3 centaur skeletons
  4 hounds
  7 orc priests
  A jelly (D:11)
  7 orc wizards
  2 bullfrog skeletons (D:11)
  A human skeleton (D:11)
  3 human zombies (D:11)
  6 iguanas
  12 worker ants
  An ogre zombie (D:11)
  4 hound zombies
  3 hound skeletons
  3 killer bee simulacra (D:8)
  A mummy (D:11)
  A worker ant zombie (D:3)
  Robin (D:3)
  12 adders
  21 gnolls
  5 shadow imps
  4 white imps (D:8)
  3 ufetubi (D:8)
  An ooze (D:3)
  3 adder skeletons
  2 worms
  3 dart slugs
  An adder simulacrum (D:8)
  8 leopard geckos
  52 orcs
  3 bats
  8 giant cockroaches
  9 goblins
  12 hobgoblins
  10 jackals
  2 quokkas
  2 ball pythons
  11 frilled lizards
  18 kobolds
  A quokka skeleton (D:6)
  9 rats
536 creatures vanquished.

Vanquished Creatures (collateral kills)
  A wolf (D:8)
  A bullfrog (D:8)
  An orc (D:8)
  2 goblins (D:3)
  A kobold (D:1)
  A frilled lizard (D:5)
7 creatures vanquished.

Vanquished Creatures (others)
  An orc wizard (D:7)
  2167 foxfires
  3 fungi (D:8)
  3 plants
2174 creatures vanquished.

Grand Total: 2717 creatures vanquished

Notes
Turn   | Place    | Note
-------+----------+-------------------------------------------
     0 | D:1      | emikaela the Hill Orc Wanderer began the quest for the Orb.
     0 | D:1      | emikaela set off with the following items: a +2 dagger, a
                  | +0 falchion, a +0 robe, a scroll of blinking, a ration; and
                  | the following spell memorised: Foxfire; and the following
                  | spells available to memorise: Conjure Flame
     0 | D:1      | Reached XP level 1. HP: 14/14 MP: 2/2
    86 | D:1      | Reached skill level 1 in Fire Magic
    89 | D:1      | Reached skill level 1 in Conjurations
    89 | D:1      | Reached XP level 2. HP: 19/20 MP: 1/3
   563 | D:1      | Reached XP level 3. HP: 26/26 MP: 0/4
   577 | D:1      | Learned a level 3 spell: Conjure Flame
  1278 | D:2      | Noticed Terence
  1342 | D:2      | Reached XP level 4. HP: 26/33 MP: 2/5
  1791 | D:2      | Found an iron altar of Okawaru.
  1797 | D:2      | Became a worshipper of Warmaster Okawaru
  2561 | D:2      | Reached XP level 5. HP: 7/38 MP: 2/7
  3570 | D:3      | Reached skill level 1 in Fighting
  3686 | D:3      | Noticed Robin
  4230 | D:3      | Found an ancient bone altar of Kikubaaqudgha.
  4230 | D:3      | Found a shimmering blue altar of Sif Muna.
  4279 | D:3      | Reached XP level 6. HP: 18/48 MP: 1/9
  4777 | D:3      | Killed Robin
  5093 | D:4      | Noticed a phantom
  5645 | D:3      | Reached skill level 1 in Evocations
  5975 | D:4      | Reached * piety under Okawaru
  6012 | D:4      | Reached XP level 7. HP: 50/59 MP: 2/10
  6813 | D:4      | Noticed an angel
  6820 | D:4      | Found a glowing silver altar of Zin.
  7101 | D:5      | Entered Level 5 of the Dungeon
  7512 | D:5      | Reached skill level 5 in Fighting
  7564 | D:5      | Reached ** piety under Okawaru
  7564 | D:5      | Reached XP level 8. HP: 69/69 MP: 2/11
  7976 | D:5      | Found a sparkling altar of Nemelex Xobeh.
  8052 | D:6      | Found a staircase to the Ecumenical Temple.
  8052 | D:6      | Noticed Dowan
  8052 | D:6      | Noticed Duvessa
  8160 | D:6      | Learned a level 2 spell: Searing Ray
  8165 | D:6      | Learned a level 4 spell: Iskenderun's Mystic Blast
  8246 | D:6      | Reached skill level 1 in Translocations
  9113 | D:6      | Paralysed by Duvessa for 4 turns
  9268 | D:6      | Reached skill level 1 in Invocations
  9378 | D:6      | Paralysed by Duvessa for 4 turns
  9822 | D:6      | You fall into a shaft and drop 1 floor!
 10588 | D:7      | Found a radiant altar of Vehumet.
 10671 | D:7      | Noticed Harold
 10691 | D:7      | Noticed Maggie
 10713 | D:7      | Killed Maggie
 10713 | D:7      | Reached XP level 9. HP: 67/79 MP: 2/12
 10880 | D:7      | HP: 2/79 [orc warrior/+0 vorpal hand axe (4)]
 10885 | D:7      | Reached skill level 5 in Translocations
 11157 | D:7      | Reached *** piety under Okawaru
 11273 | D:7      | Found an opulent altar of Gozag.
 11664 | D:7      | Reached skill level 5 in Fire Magic
 11800 | D:6      | Killed Duvessa
 11807 | D:6      | Killed Dowan
 12110 | D:7      | Got a transparent flail
 12215 | D:7      | Identified a scroll of acquirement
 12216 | D:7      | Identified the cursed +1 flail "Vuphi" {antimagic, rF++}
                  | (You found it on level 7 of the Dungeon)
 12222 | D:7      | Got the +7 kite shield of Contentment {MR+ Int+5}
 12544 | D:7      | Reached skill level 1 in Shields
 12598 | D:7      | Reached skill level 2 in Shields
 12753 | D:8      | Reached skill level 3 in Shields
 12873 | D:8      | Noticed a polar bear
 13015 | D:8      | Reached skill level 4 in Shields
 13178 | D:8      | Reached skill level 5 in Shields
 13444 | D:8      | Reached **** piety under Okawaru
 13444 | D:8      | Reached skill level 6 in Shields
 13444 | D:8      | Reached XP level 10. HP: 78/86 MP: 7/14
 13667 | D:8      | Noticed an elephant
 13759 | D:7      | Killed Harold
 13759 | D:7      | Reached skill level 7 in Shields
 14017 | D:8      | Reached skill level 5 in Conjurations
 14274 | D:8      | Found a staircase to the Lair.
 14310 | D:8      | Reached skill level 8 in Shields
 14892 | D:8      | Found a bloodstained altar of Trog.
 15021 | D:8      | Found a stormy altar of Qazlal.
 15027 | D:8      | Noticed Maurice
 15046 | D:8      | Killed Maurice
 15046 | D:8      | Reached skill level 9 in Shields
 15469 | D:8      | Upgraded the game from 0.25-b1-23-ge2ad7d536c to
                  | 0.25-b1-37-g2669288c55
 15638 | D:9      | Reached XP level 11. HP: 92/92 MP: 11/15
 15688 | D:9      | Found a sacrificial altar of Ru.
 15692 | D:9      | Found an ornate altar of the Wu Jian Council.
 15695 | D:9      | Found a glowing golden altar of the Shining One.
 15772 | D:9      | Found a staircase to the Orcish Mines.
 15809 | D:9      | Reached ***** piety under Okawaru
 17123 | D:10     | Entered Level 10 of the Dungeon
 17253 | D:10     | Received a gift from Okawaru
 17374 | D:10     | Noticed a two-headed ogre
 17419 | Lair:1   | Entered Level 1 of the Lair of Beasts
 18122 | Lair:1   | Reached skill level 5 in Invocations
 18170 | Lair:1   | Reached skill level 10 in Shields
 19728 | Lair:1   | Got a dull robe
 19729 | Lair:1   | Identified the +1 robe of Duthramikh {Str+4} (You found it
                  | on level 1 of the Lair of Beasts)
 19876 | Lair:2   | Found a frozen archway.
 19888 | IceCv    | Entered an ice cave
 19898 | IceCv    | Reached XP level 12. HP: 103/103 MP: 0/16
 20371 | IceCv    | Received a gift from Okawaru
 20391 | IceCv    | Reached skill level 11 in Shields
 21316 | IceCv    | Reached skill level 10 in Fighting
 21429 | IceCv    | Noticed a frost giant
 21578 | IceCv    | Killed a frost giant
 21578 | IceCv    | Reached skill level 12 in Shields
 21890 | IceCv    | Got an encrusted great mace
 22125 | Lair:2   | Learned a level 3 spell: Inner Flame
 22129 | Lair:2   | Learned a level 3 spell: Portal Projectile
 22139 | Lair:2   | Found a hole to the Spider Nest.
 22297 | Lair:2   | Received a gift from Okawaru
 22298 | Lair:2   | Got a brightly glowing tower shield {god gift}
 22316 | Lair:2   | Identified the +3 tower shield of Miuxeco {-Cast +Inv rF++
                  | Int+4} (Okawaru gifted it to you on level 2 of the Lair of
                  | Beasts)
 22383 | Lair:2   | Reached skill level 1 in Hexes
 23402 | Lair:3   | Reached XP level 13. HP: 113/113 MP: 15/19
 23436 | Lair:3   | Got a masterwork hand axe
 23437 | Lair:3   | Identified the +3 hand axe of Causality {vorpal, *Contam
                  | Str+4 Int+4} (You found it on level 3 of the Lair of
                  | Beasts)
 24479 | Lair:4   | Reached skill level 5 in Evocations
 24620 | Lair:4   | Found a blossoming altar of Fedhas.
 24879 | Lair:4   | Reached skill level 13 in Shields
 24971 | Lair:4   | Found a staircase to the Shoals.
 26790 | D:11     | Reached skill level 5 in Polearms
 27232 | D:11     | Reached ****** piety under Okawaru
 27287 | D:11     | Received a gift from Okawaru
 27291 | D:11     | Got a pitted ring mail {god gift}
 27324 | D:11     | Identified the +1 ring mail "Vackes" {-Cast Int+6} (Okawaru
                  | gifted it to you on level 11 of the Dungeon)
 27406 | D:11     | Identified Daymim's Volume of Feathers
 27412 | D:11     | Learned a level 3 spell: Dazzling Flash
 27835 | D:11     | Found an ancient bone altar of Kikubaaqudgha.
 28715 | D:12     | Reached skill level 10 in Polearms
 28963 | D:12     | Learned a level 1 spell: Apportation
 29151 | D:12     | Found Zocon's Antique Armour Boutique.
 29166 | D:12     | Bought a brightly glowing leather armour for 245 gold
                  | pieces
 29166 | D:12     | Identified the cursed +0 leather armour of Jeetam {+Inv rC-
                  | Regen+ Int+4} (You bought it in a shop on level 12 of the
                  | Dungeon)
 29287 | D:12     | Reached XP level 14. HP: 108/121 MP: 16/20
 30742 | D:13     | Found a gate to the Vaults.
 30864 | D:13     | Identified the +5 plate armour of Wotoid {*Corrode rPois
                  | Int+7 SInv} (You found it on level 13 of the Dungeon)
 31036 | D:13     | Upgraded the game from 0.25-b1-37-g2669288c55 to 0.25.0
 31036 | D:13     | Quit the game

Illustrated notes

Levels and vault maps discovered:
D:1:      nzn_arrival_crosshair, layout_basic, minmay_misc_feat_ornament
D:2:      minmay_wonky_spiral, layout_loops_cross, marbit_many_paths,
          minmay_3d_cube, uniq_terence
D:3:      layout_loops_corners, gammafunk_temple_overflow_elements, uniq_robin
D:4:      layout_loops_corners, zin_angel, minmay_manual_mess
D:5:      layout_loops_cross, nemelex_xobeh_ov_fountains_minmay, first_ration
D:6:      layout_loops_ring, temple_pool_b, uniq_duvessa
D:7:      layout_basic, grunt_gozag_statues, vehumet_crystals,
          serial_bayou_pond_d, uniq_maggie, uniq_harold
D:8:      layout_basic, kennysheep_little_box, old_standard_altar,
          david_lair_generic, serial_ice, serial_ice_d, serial_ice_m,
          serial_ice_f, serial_ice_a, serial_ice_h, serial_ice_i, serial_ice_e,
          serial_ice_b, serial_ice_n, serial_ice_g, palyth_stone_intersect,
          the_bakery, uniq_maurice
D:9:      layout_irregular_city, minmay_overflow_temple_star_quad,
          minmay_orc_entry_guard_dogs
D:10:     layout_cave_pools
D:11:     kennysheep_blocky_hall, layout_cross,
          lemuel_mausoleum_altar_kikubaaqudgha
D:12:     layout_rooms, serial_shops, nicolae_shop_stone,
          wad_floor_pattern_untrapped
D:13:     minmay_wavy_crystal, layout_cave_pools, david_vaults_4,
          item_on_display_a
Lair:1:   layout_cave_pods, special_room [special_room_bee]
Lair:2:   layout_gridlike, dummy_spider_entry, portal_ice_cave_entry_pillars_2,
          beast_lair_carwin_11
Lair:3:   layout_regular_city, columned_hall_lemuel, st_stairs_4
Lair:4:   layout_regular_city, elwin_shoals_entry_stream, tgw_fedhas,
          serial_bayou_shore_b

Skill      XL: |  1  2  3  4  5  6  7  8  9 10 11 12 13 14 |
---------------+-------------------------------------------+-----
Fire Magic     | 1 2 3 4 6 7 8 |  8.0
Conjurations   | 1 2 3 4 6 7 |  7.8
Fighting       | 2 4 5 7 8 10 | 10.0
Spellcasting   | 2 3 4 |  4.8
Evocations     | 2 3 4 5 |  5.0
Dodging        | 3 |  3.9
Translocations | 4 5 6 7 9 |  9.9
Invocations    | 4 6 8 9 |  9.0
Shields        | 6 9 10 12 13 | 13.2
Hexes          | 2 4 |  4.0
Polearms       | 10 11 | 11.3
Long Blades    | |  1.1
Stealth        | |  1.5
Necromancy     | |  1.0
Air Magic      | |  2.4

Action                   |  1- 3 |  4- 6 |  7- 9 | 10-12 | 13-15 || total
-------------------------+-------+-------+-------+-------+-------++-------
Melee: Dagger            |    88 |    99 |   342 |  1404 |       ||  1933
       Punch             |       |       |     2 |       |       ||     2
       Morningstar       |       |       |       |    87 |    11 ||    98
       Spear             |       |       |       |       |   644 ||   644
       Trident           |       |       |       |       |    90 ||    90
Throw: Stone             |     1 |    15 |     4 |       |       ||    20
       Boomerang         |       |       |    57 |     8 |       ||    65
 Cast: Foxfire           |    30 |   171 |   336 |   536 |   312 ||  1385
       Conjure Flame     |       |     2 |     2 |     6 |     4 ||    14
       Searing Ray       |       |       |     5 |     4 |       ||     9
       Iskenderun's Myst |       |       |     4 |    11 |    26 ||    41
       Dazzling Flash    |       |       |       |       |     1 ||     1
Invok: Heroism           |       |       |     5 |    14 |     5 ||    24
       Finesse           |       |       |       |     1 |       ||     1
 Abil: Stop Flying       |       |       |       |     1 |       ||     1
Evoke: Wand              |       |     5 |     5 |    25 |     1 ||    36
  Use: Scroll            |       |     5 |    18 |     5 |     9 ||    37
       Potion            |       |       |     8 |     3 |       ||    11
 Stab: Sleeping          |     3 |     4 |       |     3 |    10 ||    20
       Paralysed         |       |     4 |    15 |       |       ||    19
       Confused          |       |       |       |     1 |       ||     1
  Eat: Chunk             |     2 |    17 |    14 |    33 |    20 ||    86
       Ration            |       |     1 |     5 |     1 |     3 ||    10
Armor: Robe              |    14 |    20 |    61 |       |       ||    95
       Skin              |       |       |     3 |     5 |       ||     8
       Steam dragon scal |       |       |    87 |   321 |    70 ||   478
Dodge: Dodged            |    65 |    86 |   227 |   354 |    82 ||   814
Block: Kite shield       |       |       |   116 |  1828 |   536 ||  2480
       Reflection        |       |       |       |     5 |    30 ||    35
